 Dungeon Crawl Stone Soup version 0.18.1-48-g4cf74bf (webtiles) character file.

108 MovingMist the Covered (level 4, -1/29 HPs)
             Began as a Gargoyle Fighter on July 27, 2016.
             Slain by Grinder (5 damage)
             ... on level 3 of the Dungeon.
             The game lasted 00:07:25 (1597 turns).

MovingMist the Covered (Gargoyle Fighter)           Turns: 1597, Time: 00:07:26

Health: -1/29      AC:  9    Str: 21    XL:     4   Next: 87%
Magic:  4/4        EV: 11    Int:  9    God:
Gold:   79         SH:  0    Dex: 10    Spells: 0 memorised, 3 levels left

rFire  . . .     SeeInvis .     a - +1 flail
rCold  . . .     Gourm    .     s - +0 ring mail (curse)
rNeg   + . .     Faith    .     (no shield)
rPois  ∞         Spirit   .     (no helmet)
rElec  +         Dismiss  .     (no cloak)
rCorr  .         Reflect  .     (no gloves)
SustAt .         Harm     .     (no boots)
MR     .....                    (no amulet)
Stlth  ..........               (no ring)
                                e - +2 ring of strength

@: not resistant to hostile enchantments, extremely unstealthy
A: negative energy resistance 1, electricity resistance, unbreathing,
petrification resistance, rot immunity, AC +3
a: no special abilities


You were on level 3 of the Dungeon.
You were not hungry.

You visited 1 branch of the dungeon, and saw 3 of its levels.

You collected 79 gold pieces.

Inventory:

Hand Weapons
 a - a +1 flail (weapon)
Armour
 b - a +0 scale mail
 c - a +0 shield
 s - a cursed +0 ring mail (worn)
Jewellery
 e - a +2 ring of strength (left hand)
Scrolls
 l - a scroll of amnesia
 n - a scroll of enchant weapon
 p - a scroll of teleportation
 v - a scroll of identify
 w - a scroll of magic mapping
Potions
 d - a potion of might
 g - 2 potions of curing
 h - a potion of lignification {unknown}
 i - a potion of flight {unknown}
 j - 3 potions of agility {unknown}
 k - a potion of resistance {unknown}
 o - a potion of invisibility {unknown}
 q - a potion of cure mutation {unknown}
 t - a potion of brilliance {unknown}
Comestibles
 f - 3 bread rations
 m - 9 chunks of flesh
 r - a slice of pizza


   Skills:
 + Level 3.9 Fighting
 + Level 3.1 Maces & Flails
 + Level 4.1 Armour
 + Level 1.6 Dodging
 - Level 3.2 Shields


You had 3 spell levels left.
You didn't know any spells.

Dungeon Overview and Level Annotations

Branches:
Dungeon (3/15)

Altars:
Fedhas

Annotations:
D:3 Grinder


Innate Abilities, Weirdness & Mutations

You are resistant to torment.
Your stone body is resilient (AC +3).
You are immune to poison.
You resist negative energy.
You are resistant to electric shocks.
You can survive without breathing.
You are immune to petrification.
You are immune to rotting.


Message History

Read which item? (? for menu, Esc to quit)
As you read the scroll labeled XEAGAU OCUSA, it crumbles to dust.
You assume a fearsome visage.
Nothing appears to happen.
It was a scroll of fear.
Grinder comes into view.
Grinder gestures at you. Pain shoots through your body!
You hit Grinder.
Grinder is lightly wounded.
Grinder hits you.
You completely miss Grinder. Grinder hits you but does no damage.
You closely miss Grinder. Grinder barely misses you.
You closely miss Grinder. Grinder hits you!
* * * LOW HITPOINT WARNING * * *
Grinder says, "Don't move a muscle."
Grinder blinks!
You closely miss Grinder. Grinder hits you.
* * * LOW HITPOINT WARNING * * *
You closely miss Grinder. Grinder hits you.
You die...

P###.......# P#
######### #.# .#
... .# ##.# ## ..#
# # ..# # # ...
#.##$##.# # ...
#.......# ... #@#
#.# #5# #.# #.#
######.#########.#
#..)..........##.#
#.####..#...#.##.#
#.#.(.(.......##.#
#.#(..().........#
.....##)......####


You could see Grinder.

Vanquished Creatures
  3 gnolls (D:2)
  3 adders (D:2)
  An ooze (D:2)
  2 dart slugs
  A giant gecko (D:1)
  A giant cockroach (D:3)
  6 goblins
  7 hobgoblins
  3 bats
  A giant newt (D:2)
  7 kobolds
  9 rats
44 creatures vanquished.

Notes
Turn   | Place    | Note
--------------------------------------------------------------
     0 | D:1      | MovingMist the Gargoyle Fighter began the quest for the Orb.
     0 | D:1      | Reached XP level 1. HP: 14/14 MP: 1/1
   175 | D:1      | Reached XP level 2. HP: 19/19 MP: 2/2
   860 | D:1      | Reached XP level 3. HP: 23/23 MP: 3/3
   921 | D:1      | Reached skill level 1 in Dodging
  1125 | D:2      | Reached XP level 4. HP: 24/29 MP: 4/4
  1269 | D:2      | Reached skill level 4 in Armour
  1503 | D:3      | Found a blossoming altar of Fedhas.
  1587 | D:3      | Noticed Grinder
  1597 | D:3      | Slain by Grinder

Skill      XL: |  1  2  3  4 |
---------------+-------------+-----
Dodging        | 1 |  1.6
Maces & Flails | 3 |  3.1
Armour         | 4 |  4.1
Fighting       | |  3.9
Shields        | |  3.2

Action                   |  1- 3 |  4- 6 || total
-------------------------+-------+-------++-------
Melee: Flail             |   110 |    45 ||   155
  Use: Scroll            |     8 |     1 ||     9
  Eat: Chunk             |     1 |     1 ||     2
Armor: Scale mail        |    61 |    25 ||    86
       Ring mail         |       |     8 ||     8
Dodge: Dodged            |    61 |    30 ||    91
